 Dungeon Crawl Stone Soup version 0.23-a0-183-gf37f6fb (webtiles) character file.

4145 epen the Carver (level 10, -15/79 HPs)
             Began as a Formicid Monk on Sept 23, 2018.
             Was a Priest of Okawaru.
             Killed from afar by an electric eel (17 damage)
             ... with a bolt of electricity
             ... on level 8 of the Dungeon.
             The game lasted 00:15:22 (10695 turns).

epen the Carver (Formicid Monk)                    Turns: 10695, Time: 00:15:23

Health: -15/79     AC:  7    Str: 20    XL:     10   Next: 52%
Magic:  13/13      EV: 14    Int: 11    God:    Okawaru [***...]
Gold:   435        SH:  0    Dex: 13    Spells: 9/9 levels left

rFire    . . .     SeeInvis +   s - +0 scimitar
rCold    + . .     Gourm    +   (no shield)
rNeg     . . .     Faith    .   y - +1 ring mail {rC+}
rPois    +         Spirit   .   (helmet unavailable)
rElec    .         Reflect  .   (no cloak)
rCorr    .         Harm     .   (no gloves)
MR       +....                  (no boots)
Stlth    ++........             q - amulet of the gourmand
HPRegen  0.23/turn              j - ring of stealth
MPRegen  0.13/turn              i - ring of poison resistance

@: no status effects
A: permanent stasis, dig shafts and tunnels, four strong arms, antennae 3, fangs
1, strong 1, no potion heal 1
a: Dig, Shaft Self, Heroism, Renounce Religion


You were on level 8 of the Dungeon.
You worshipped Okawaru.
Okawaru was most pleased with you.
You were very full.

You visited 2 branches of the dungeon, and saw 9 of its levels.

You collected 435 gold pieces.

Inventory:

Hand Weapons
 a - a +1 falchion
 s - a +0 scimitar (weapon)
 F - the cursed +2 mace of Dishonour {flame, MR+ MP+9, unknown}
   (You found it on level 8 of the Dungeon)

   It has been specially enchanted to burn those struck by it, causing extra
   injury to most foes and up to half again as much damage against particularly
   susceptible opponents.
   It affects your resistance to hostile enchantments.
   It affects your magic capacity (+9).
   It has a curse placed upon it.
Missiles
 r - a throwing net (quivered)
Armour
 b - a +0 robe
 h - a +0 scale mail
 m - a +0 shield
 u - a +0 ring mail
 y - a +1 ring mail of cold resistance (worn)
Jewellery
 g - an uncursed ring of see invisible
 i - a ring of poison resistance (right hand)
 j - a ring of stealth (left hand)
 n - an uncursed ring of ice
 q - an amulet of the gourmand (around neck)
 D - an uncursed amulet of faith {unknown}
Wands
 B - a wand of digging (12)
Scrolls
 e - a scroll of fog
 f - a scroll of enchant armour
 l - 5 scrolls of remove curse
 o - 3 scrolls of amnesia
 z - 2 scrolls of identify
Potions
 d - a potion of agility
 k - a potion of heal wounds
 p - a potion of mutation
 t - a potion of brilliance {unknown}
 v - 2 potions of ambrosia
 w - 2 potions of curing
 x - a potion of invisibility {unknown}
 A - a potion of degeneration {unknown}
 C - a potion of cancellation {unknown}
Comestibles
 c - 15 rations


   Skills:
 + Level 7.1 Fighting
 * Level 8.9 Long Blades
 + Level 6.1 Armour
 + Level 6.0 Dodging
 - Level 2.4 Stealth
 + Level 6.3 Shields
 + Level 4.3 Invocations


You had 9 spell levels left.
You didn't know any spells.
Your spell library was empty.

Dungeon Overview and Level Annotations

Branches:
Dungeon (8/15)             Temple (1/1) D:6
   Lair: D:8-11

Altars:
Ashenzari
Cheibriados
Dithmenos
Elyvilon
Fedhas
Gozag
Hepliaklqana
Kikubaaqudgha
Makhleb
Nemelex Xobeh
Okawaru
Qazlal
Ru
Sif Muna
Trog
Uskayaw
Vehumet
Wu Jian
Xom
Yredelemnul
Zin
The Shining One

Shops:
D:5 =   D:6 [   D:7 (

Annotations:
D:8 1 runed door, Karim's ghost, novice GnEE


Innate Abilities, Weirdness & Mutations

You cannot be hasted, slowed, berserked, paralysed or teleported.
You can dig through walls and to a lower floor.
Your four strong arms can wield two-handed weapons with a shield.
You have a pair of large antennae on your head. (SInv)
You have very sharp teeth.
Your muscles are strong. (Str +2)
Potions are less effective at restoring your health.


Message History

The electric eel is moderately wounded.
The electric eel shoots out a bolt of lightning at you!
The bolt of electricity hits you!
You are too injured to fight recklessly!
The electric eel shoots out a bolt of lightning at you!
The bolt of electricity hits you!
The electric eel shoots out a bolt of lightning at you!
The bolt of electricity hits you!
* * * LOW HITPOINT WARNING * * *
The electric eel shoots out a bolt of lightning at you!
The bolt of electricity hits you!
* * * LOW HITPOINT WARNING * * *
Okay, then.
The electric eel shoots out a bolt of lightning at you!
The bolt of electricity misses you.
The electric eel shoots out a bolt of lightning at you!
The bolt of electricity hits you!
* * * LOW HITPOINT WARNING * * *
The bolt of electricity hits you!
You die...

..........≈.≈.≈.≈.....
...........≈...≈.......
.........≈...≈...≈.....
........≈.≈.≈.≈.≈.≈.####
.........≈...≈...≈..# #.
.......≈...;...≈...≈.###
###..≈.≈.≈.≈.≈.≈.;.≈#..
##########
###$≈...≈...≈...≈$#..
#........#
##@.≈...≈...≈..##..
#........# ##.≈.≈.≈.≈.≈.≈.
#.. #.....<..#
#...≈...≈...≈.# #..
#........# #.....≈...≈...#
#.. #........#
#....≈.≈.≈.≈..# #..
#........# #.....≈...≈...#
#.. #........#
#.....##......# #..
#........######.[..###.....†#
#.. #........##........#
#......# #..


You could see an electric eel.

Vanquished Creatures
  Pikel (D:4)
  A troll (D:8)
  A wraith (D:8)
  3 vampire mosquitoes (D:8)
  2 phantoms (D:8)
  An ice beast (D:5)
  A sky beast (D:7)
  4 ogres
  3 centaurs
  A big kobold (D:7)
  8 bullfrogs
  2 scorpions
  3 killer bees
  3 wights (D:7)
  A howler monkey (D:7)
  5 orc priests
  4 hounds
  5 orc wizards
  5 bullfrog skeletons
  Jessica (D:2)
  2 iguanas
  5 worker ants
  A hound zombie (D:6)
  2 worker ant zombies
  3 gnolls (D:6)
  8 adders
  A howler monkey skeleton (D:4)
  3 shadow imps
  2 oozes
  An adder zombie (D:5)
  A dart slug (D:1)
  A leopard gecko (D:1)
  32 orcs
  2 giant cockroaches
  6 goblins
  9 hobgoblins
  6 jackals
  17 kobolds
  4 quokkas
  14 bats
  3 frilled lizards
  6 rats
184 creatures vanquished.

Vanquished Creatures (others)
  2 slaves (D:4)
  An orc priest (D:4)
3 creatures vanquished.

Grand Total: 187 creatures vanquished

Notes
Turn   | Place    | Note
-------+----------+-------------------------------------------
     0 | D:1      | epen the Formicid Monk began the quest for the Orb.
     0 | D:1      | Reached XP level 1. HP: 18/18 MP: 1/1
    75 | D:1      | Reached XP level 2. HP: 20/24 MP: 2/2
   236 | D:1      | Reached skill level 1 in Armour
   236 | D:1      | Reached XP level 3. HP: 27/29 MP: 3/3
   839 | D:2      | Noticed Jessica
   844 | D:2      | Killed Jessica
   844 | D:2      | Reached XP level 4. HP: 37/37 MP: 4/4
  1762 | D:3      | Reached skill level 4 in Long Blades
  1762 | D:3      | Reached XP level 5. HP: 40/42 MP: 5/5
  2819 | D:3      | Noticed a bullfrog
  2835 | D:3      | Killed a bullfrog
  2835 | D:3      | Reached skill level 1 in Shields
  2835 | D:3      | Reached XP level 6. HP: 6/48 MP: 6/6
  3894 | D:4      | Reached skill level 5 in Long Blades
  4021 | D:4      | Noticed a slave
  4022 | D:4      | Noticed a slave
  4024 | D:4      | Noticed Pikel
  4024 | D:4      | Noticed a slave
  4025 | D:4      | Noticed a slave
  4053 | D:4      | Killed Pikel
  4053 | D:4      | Reached skill level 5 in Fighting
  4053 | D:4      | Reached skill level 6 in Long Blades
  4053 | D:4      | Reached XP level 7. HP: 56/56 MP: 7/7
  4053 | D:4      | Reached XP level 8. HP: 62/62 MP: 8/8
  5253 | D:5      | Entered Level 5 of the Dungeon
  5263 | D:5      | Found Exezicext's Jewellery Emporium.
  6799 | D:6      | Found a hazy altar of Hepliaklqana.
  6921 | D:6      | Reached XP level 9. HP: 63/68 MP: 9/9
  7106 | D:6      | Found Foasyid's Armour Shoppe.
  7113 | D:6      | Reached skill level 7 in Long Blades
  7115 | D:6      | epen: ??qda
  7115 | D:6      | beem: quicksilver dragon scales[1/1]: 9AC, 7ER, MR+, cannot
                  | be enchanted. Sometimes drops from quicksilver dragons.
                  | Quicksilver dragon scales are always +0, even as an
                  | artifact.
  7333 | D:6      | Found a staircase to the Ecumenical Temple.
  7343 | Temple   | Entered the Ecumenical Temple
  7429 | Temple   | Became a worshipper of Warmaster Okawaru
  7429 | Temple   | Reached * piety under Okawaru
  7429 | Temple   | Reached ** piety under Okawaru
  7823 | D:6      | Reached skill level 5 in Dodging
  8027 | D:6      | Gained mutation: You have very sharp teeth. [potion of
                  | mutation]
  8027 | D:6      | Gained mutation: Potions are less effective at restoring
                  | your health. [potion of mutation]
  8027 | D:6      | Gained mutation: Your muscles are strong. (Str +2) [potion
                  | of mutation]
  8036 | D:6      | Reached skill level 1 in Invocations
  8882 | D:7      | Found Iritut's Antique Weapon Boutique.
  8927 | D:7      | Reached skill level 5 in Armour
  8927 | D:7      | Reached skill level 5 in Shields
  9416 | D:7      | Reached skill level 8 in Long Blades
  9594 | D:7      | Reached *** piety under Okawaru
  9594 | D:7      | Reached XP level 10. HP: 76/77 MP: 12/12
 10638 | D:8      | Found a runed door.
 10639 | D:8      | Got a transparent mace
 10640 | D:8      | Found a shimmering altar of Xom.
 10640 | D:8      | Noticed Karim's ghost (novice GnEE)
 10641 | D:8      | Noticed a spear of chaos
 10695 | D:8      | HP: 2/79 [electric eel/bolt of electricity (15)]
 10695 | D:8      | Killed from afar by an electric eel

Vault maps used:
D:1:      sevenhm_arrival_forest_fort_small_4
D:2:      first_ration, uniq_jessica
D:3:      corexii_shack_village
D:4:      serial_bayou_pond_e, uniq_pikel
D:5:      serial_shops, shop
D:6:      nicolae_overflow_crystal_walls, minmay_temple_entry_glassed_door,
          serial_shops, shop
D:7:      serial_shops, kennysheep_mini_moat
D:8:      ebering_ghost_xom, kennysheep_doodads
Temple:   dpeg_three_leaves_temple

Skill      XL: |  1  2  3  4  5  6  7  8  9 10 |
---------------+-------------------------------+-----
Armour         | 1 2 3 4 5 6 |  6.1
Dodging        | 3 4 5 6 |  6.0
Long Blades    | 4 6 8 |  8.9
Fighting       | 4 5 6 7 |  7.1
Shields        | 1 3 4 5 6 |  6.3
Invocations    | 3 4 |  4.3
Stealth        | |  2.4

Action                   |  1- 3 |  4- 6 |  7- 9 | 10-12 || total
-------------------------+-------+-------+-------+-------++-------
Melee: Falchion          |    85 |   289 |    78 |       ||   452
       Unarmed           |       |    19 |       |       ||    19
       Scimitar          |       |       |   235 |    92 ||   327
       Bite              |       |       |    17 |    15 ||    32
       Punch             |       |       |     1 |     1 ||     2
Throw: Throwing net      |       |     1 |       |       ||     1
Invok: Heroism           |       |       |     1 |     3 ||     4
 Abil: Dig               |       |     2 |       |       ||     2
  Use: Potion            |       |     4 |     6 |       ||    10
       Scroll            |       |     8 |     3 |       ||    11
 Stab: Sleeping          |     4 |     6 |     4 |     1 ||    15
  Eat: Chunk             |       |    21 |    19 |     2 ||    42
Armor: Robe              |    24 |    19 |       |       ||    43
       Ring mail         |       |    46 |    24 |    18 ||    88
       Skin              |       |    16 |    36 |       ||    52
       Scale mail        |       |       |    61 |       ||    61
Dodge: Dodged            |    79 |   182 |   195 |    77 ||   533
Block: Shield            |       |       |    32 |       ||    32
       Rpst.: Falchion   |    28 |    57 |    13 |       ||    98
       Scimitar          |       |       |    39 |    30 ||    69

Table legend:
 A = Non-vault XP
 B = Vault XP
 C = Vault XP percentage of total XP
 D = Non-vault monster count
 E = Vault monster count
 F = Vault count percentage of total count
                 A         B        C        D         E       F
            +---------+---------+-------+---------+---------+-------
      Total |    5223 |     699 |  11.8 |     173 |      11 |   6.0
            +---------+---------+-------+---------+---------+-------
        D:1 |      51 |       0 |   0.0 |      27 |       0 |   0.0
        D:2 |      40 |      37 |  48.1 |      15 |       1 |   6.2
        D:3 |     315 |      21 |   6.2 |      41 |       9 |  18.0
        D:4 |     228 |     641 |  73.8 |      10 |       1 |   9.1
        D:5 |     503 |       0 |   0.0 |      16 |       0 |   0.0
        D:6 |     592 |       0 |   0.0 |      17 |       0 |   0.0
        D:7 |    1511 |       0 |   0.0 |      27 |       0 |   0.0
        D:8 |    1983 |       0 |   0.0 |      20 |       0 |   0.0
            +---------+---------+-------+---------+---------+-------
